 Dungeon Crawl Stone Soup version 0.30.1-11-g7821555f0a (webtiles) character file.

Game seed: 1107857834507842452

954380 Laveh the Conqueror (level 27, 0/271 (273) HPs)
             Began as a Minotaur Fighter on Oct 28, 2023.
             Was a Priest of Okawaru.
             Killed by divine providence
             ... invoked by a royal mummy
              (13 damage)
             ... on level 3 of the Tomb of the Ancients on Oct 30, 2023.
             The game lasted 06:14:36 (91871 turns).

Laveh the Conqueror (Minotaur Fighter)             Turns: 91871, Time: 06:14:37

HP:   0/271 (273)   AC: 41    Str: 36      XL:     27
MP:   37/37         EV: 20    Int:  8 (9)  God:    Okawaru [***...]
Gold: 7710          SH: 21    Dex: 12      Spells: 26/26 levels left

rFire   + . .        K - +9 broad axe (spect)
rCold   + + .        F - +0 kite shield {reflect}
rNeg    + + .        V - +10 plate armour of Summertime {rN+ Dex+3}
rPois   +            u - +2 hood of the Assassin {Detect Stab+ Stlth++}
rElec   +            o - scarf {rC+ rF+}
rCorr   +            D - +0 pair of gloves "Lytel" {rElec rPois}
SInv    +            r - +2 pair of boots {rampage}
Will    +++++        n - amulet "Zuxukh" {Will++ Regen+}
Stlth   ++++++       B - ring "Deygh" {Fly rC- Will+ SInv Stlth+}
HPRegen 1.45/turn    a - ring "Hahikun" {rF- rC+ rN+ Int+4}
MPRegen 0.25/turn

%: reflection, rampage
@: about to teleport, resistant, heroic, marked, flying, studying 3 skills,
lightly drained
A: horns 2, retaliatory headbutt, iridescent scales 3, large bone plates 1,
deformed body, sense surroundings 1, poison resistance
}: 10/15 runes: decaying, serpentine, slimy, silver, abyssal, demonic, glowing,
magical, fiery, dark
a: Renounce Religion, Heroism


You were on level 3 of the Tomb of the Ancients.
You worshipped Okawaru.
Okawaru was most pleased with you.
You visited 13 branches of the dungeon, and saw 59 of its levels.
You visited Pandemonium 1 time, and saw 14 of its levels.
You visited the Abyss 3 times.
You also visited: Ice Cave and Wizlab.

You collected 11708 gold pieces.
You spent 3998 gold pieces at shops.

Inventory:

Hand Weapons
 K - a +9 spectral broad axe (weapon)
 P - the +5 broad axe of Royalism {flame, rElec rC+ rN+ Will-}
   (You took it off a deep elf annihilator on level 3 of the Elven Halls)

   rC:        It protects you from cold.
   rElec:     It insulates you from electricity.
   rN:        It protects you from negative energy.
   Will:      It decreases your willpower.
Missiles
 q - 15 silver javelins (quivered)
Armour
 i - +1 gold dragon scales
 k - a +6 tower shield
 o - a scarf of resistance (worn)
 r - a +2 pair of boots of rampaging (worn)
 u - the +2 hood of the Assassin (worn) {Detect Stab+ Stlth++}
   (You found it on level 5 of the Vaults)

   Detect:    It allows the wearer to sense nearby creatures.
   Stab+:     It allows the wearer to make particularly effective stabbing
   attacks against helpless or unaware enemies with any weapon.
   Stlth:     It makes you much more stealthy.
 x - a +2 pair of gloves of hurling
 D - the +0 pair of gloves "Lytel" (worn) {rElec rPois}
   (You found it on level 3 of the Crypt)

   rElec:     It insulates you from electricity.
   rPois:     It protects you from poison.
 F - a +0 kite shield of reflection (worn)
 U - a +0 kite shield of fire resistance
 V - the +10 plate armour of Summertime (worn) {rN+ Dex+3}
   (Okawaru gifted it to you on level 5 of the Lair of Beasts)

   Dex:       It affects your dexterity (+3).
   rN:        It protects you from negative energy.
 Y - a +0 kite shield of cold resistance
Jewellery
 a - the ring "Hahikun" (right hand) {rF- rC+ rN+ Int+4}
   (You found it in Pandemonium)

   [ring of protection from cold]

   Int:       It affects your intelligence (+4).
   rF:        It makes you vulnerable to fire.
   rC:        It protects you from cold.
   rN:        It protects you from negative energy.
 b - the ring of Bavum {rPois EV+5 Int-4 Dex+5 SInv}
   (You found it on level 5 of the Pits of Slime)

   [ring of evasion]

   EV:        It affects your evasion (+5).
   Int:       It affects your intelligence (-4).
   Dex:       It affects your dexterity (+5).
   rPois:     It protects you from poison.
   SInv:      It lets you see invisible.
 f - a +4 ring of slaying
 n - the amulet "Zuxukh" (around neck) {Will++ Regen+}
   (You found it on level 3 of the Crypt)

   [amulet of regeneration]

   Regen:     It increases your rate of health regeneration.
   Will:      It greatly increases your willpower.
 t - the ring of Faydoma {Ice rElec rN+ Dex-4 SInv}
   (You found it in Pandemonium)

   [ring of ice]

   It enhances your ice magic.
   Dex:       It affects your dexterity (-4).
   rF:        It makes you vulnerable to fire.
   rC:        It protects you from cold.
   rElec:     It insulates you from electricity.
   rN:        It protects you from negative energy.
   SInv:      It lets you see invisible.
 w - a +4 ring of slaying
 y - the ring "Yheixas" {rPois Str+6 Dex+3}
   (You found it in Pandemonium)

   [ring of strength]

   Str:       It affects your strength (+6).
   Dex:       It affects your dexterity (+3).
   rPois:     It protects you from poison.
 B - the ring "Deygh" (left hand) {Fly rC- Will+ SInv Stlth+}
   (You found it on level 5 of the Vaults)

   [ring of see invisible]

   rC:        It makes you vulnerable to cold.
   SInv:      It lets you see invisible.
   Fly:       It grants you flight.
   Will:      It increases your willpower.
   Stlth:     It makes you more stealthy.
 L - the amulet of Kuddu {Acrobat Int+3}
   (You found it on level 3 of the Elven Halls)

   [amulet of the acrobat]

   It increases your evasion while moving and waiting.
   Int:       It affects your intelligence (+3).
 T - the ring of Shadows {Umbra +Inv Stlth+}
   (You found it on level 5 of the Vaults)

   [ring of stealth]

   Umbra:     It surrounds you with an aura of shadow, increasing your stealth
   and reducing the accuracy of all others within it.
   +Inv:      It lets you turn invisible.
   Stlth:     It makes you more stealthy.
 W - the ring "Babbae" {rElec rF- rCorr AC+4 Stlth+}
   (You found it in an ice cave)

   [ring of protection]

   AC:        It affects your AC (+4).
   rF:        It makes you vulnerable to fire.
   rElec:     It insulates you from electricity.
   rCorr:     It protects you from acid and corrosion.
   Stlth:     It makes you more stealthy.
 X - an amulet of reflection
Wands
 e - a wand of iceblast (111)
 g - a wand of digging (36)
 h - a wand of polymorph (46)
 G - a wand of paralysis (111)
 J - a wand of quicksilver (36)
 O - a wand of mindburst (64)
 Q - a wand of flame (118)
Scrolls
 l - 6 scrolls of enchant weapon
 m - 16 scrolls of teleportation
 v - 16 scrolls of magic mapping
 C - 4 scrolls of blinking
 N - 5 scrolls of fear
 S - 8 scrolls of fog
Potions
 j - 10 potions of curing
 z - 5 potions of cancellation
 A - 9 potions of mutation
Miscellaneous
 p - a lightning rod (4/4)
 I - a box of beasts
 R - a phial of floods
 Z - a condenser vane


   Skills:
 O Level 27 Fighting
 O Level 27 Axes
 * Level 20.1(25.1) Throwing
 O Level 27 Armour
 O Level 27 Dodging
 * Level 14.3(19.3) Stealth
 O Level 27 Shields
 + Level 23.9 Invocations


You had 26 spell levels left.
You didn't know any spells.
Your spell library contained the following spells:

 Spells                   Type           Power      Damage    Failure   Level
 Apportation              Tloc           0%         N/A       71%         1
 Beastly Appendage        Tmut           0%         N/A       71%         1
 Kiss of Death            Conj/Necr      0%         2d5       71%         1
 Magic Dart               Conj           0%         1d3       71%         1
 Necrotise                Necr           0%         1d4       71%         1
 Sandblast                Erth           0%         2d4       71%         1
 Shock                    Conj/Air       0%         1d3       71%         1
 Slow                     Hex            0%         N/A       71%         1
 Sting                    Tmut/Pois      0%         1d3       71%         1
 Blink                    Tloc           0%         N/A       83%         2
 Cigotuvi's Dreadful Rot  Necr/Pois/Air  0%         N/A       83%         2
 Lesser Beckoning         Tloc           0%         N/A       83%         2
 Momentum Strike          Conj/Tloc      0%         3d8       83%         2
 Passwall                 Tmut/Erth      0%         N/A       83%         2
 Poisonous Vapours        Pois/Air       0%         N/A       83%         2
 Scorch                   Fire           0%         2d5       83%         2
 Searing Ray              Conj           0%         2d4       83%         2
 Static Discharge         Conj/Air       0%         2-2/arc   83%         2
 Sublimation of Blood     Necr           0%         N/A       83%         2
 Wereblood                Tmut           0%         N/A       83%         2
 Confusing Touch          Hex            0%         N/A       97%         3
 Frozen Ramparts          Ice            0%         1d1       97%         3
 Gell's Gravitas          Tloc           0%         N/A       97%         3
 Hailstorm                Conj/Ice       0%         3d3       97%         3
 Ignite Poison            Fire/Tmut/Pois 0%         N/A       97%         3
 Inner Flame              Hex/Fire       0%         N/A       97%         3
 Mephitic Cloud           Conj/Pois/Air  0%         N/A       97%         3
 Ozocubu's Armour         Ice            0%         N/A       97%         3
 Portal Projectile        Hex/Tloc       0%         N/A       97%         3
 Spider Form              Tmut/Pois      0%         N/A       97%         3
 Stone Arrow              Conj/Erth      0%         3d7       97%         3
 Swiftness                Air            0%         N/A       97%         3
 Teleport Other           Tloc           0%         N/A       97%         3
 Vampiric Draining        Necr           0%         2d6       97%         3
 Vhi's Electric Charge    Tloc/Air       0%         N/A       97%         3
 Volatile Blastmotes      Fire/Tloc      0%         2d10      97%         3
 Airstrike                Air            0%         2d(0-16)  100%        4
 Anguish                  Hex/Necr       0%         N/A       100%        4
 Cause Fear               Hex            0%         N/A       100%        4
 Dispel Undead            Necr           0%         3d6       100%        4
 Flame Wave               Conj/Fire      0%         2d4       100%        4
 Fulminant Prism          Conj/Hex       0%         3d5       100%        4
 Ice Form                 Ice/Tmut       0%         N/A       100%        4
 Iskenderun's Mystic Bla  Conj/Tloc      0%         2d3       100%        4
 Leda's Liquefaction      Hex/Erth       0%         N/A       100%        4
 Manifold Assault         Tloc           0%         N/A       100%        4
 Passage of Golubria      Tloc           0%         N/A       100%        4
 Petrify                  Tmut/Erth      0%         N/A       100%        4
 Sticky Flame             Conj/Fire      0%         2d3       100%        4
 Agony                    Necr           0%         N/A       100%        5
 Arcjolt                  Conj/Air       0%         1d10      100%        5
 Borgnjor's Vile Clutch   Necr/Erth      0%         N/A       100%        5
 Fireball                 Conj/Fire      0%         3d3       100%        5
 Freezing Cloud           Conj/Ice/Air   0%         6-21      100%        5
 Iskenderun's Battlesphe  Conj           0%         2d6       100%        5
 Lee's Rapid Deconstruct  Erth           0%         3d4*      100%        5
 Metabolic Englaciation   Hex/Ice        0%         N/A       100%        5
 Silence                  Hex/Air        0%         N/A       100%        5
 Conjure Ball Lightning   Conj/Air       0%         3x3d6     100%        6
 Dispersal                Tloc           0%         N/A       100%        6
 Iron Shot                Conj/Erth      0%         9d1       100%        6
 Plasma Beam              Fire/Air       0%         2x1d11    100%        6
 Starburst                Conj/Fire      0%         6d3       100%        6
 Statue Form              Tmut/Erth      0%         N/A       100%        6
 Enfeeble                 Hex            0%         N/A       100%        7
 Orb of Destruction       Conj           0%         9d5       100%        7
 Ozocubu's Refrigeration  Ice            0%         4d7       100%        7
 Storm Form               Tmut/Air       0%         N/A       100%        7
 Disjunction              Tloc           0%         N/A       100%        8
 Lehudib's Crystal Spear  Conj/Erth      0%         10d2      100%        8
 Maxwell's Capacitive Co  Air            0%         ∞         100%        8
 Chain Lightning          Conj/Air       0%         N/A       100%        9
 Death's Door             Necr           0%         N/A       100%        9
 Polar Vortex             Ice            0%         N/A       100%        9
 Summon Small Mammal      Summ           Unusable   N/A       N/A         1
 Call Imp                 Summ           Unusable   N/A       N/A         2
 Call Canine Familiar     Summ           Unusable   N/A       N/A         3
 Summon Guardian Golem    Hex/Summ       Unusable   N/A       N/A         3
 Animate Dead             Necr           Unusable   N/A       N/A         4
 Summon Ice Beast         Ice/Summ       Unusable   N/A       N/A         4
 Summon Lightning Spire   Summ/Air       Unusable   N/A       N/A         4
 Death Channel            Necr           Unusable   N/A       N/A         6
 Simulacrum               Ice/Necr       Unusable   N/A       N/A         6
 Summon Cactus Giant      Summ           Unusable   N/A       N/A         6
 Spellforged Servitor     Conj/Summ      Unusable   N/A       N/A         7

Dungeon Overview and Level Annotations

Branches:
Dungeon (15/15)            Temple (1/1) D:6            Lair (5/5) D:10
  Swamp (4/4) Lair:2        Snake (4/4) Lair:3        Slime (5/5) Lair:4
    Orc (2/2) D:12            Elf (3/3) Orc:2        Vaults (5/5) D:13
  Crypt (3/3) Vaults:3       Tomb (3/3) Crypt:3      Depths (4/4) D:15
    Zot (5/5) Depths:4      IceCv (visited)          WizLab (visited)

Altars:
Ashenzari
Cheibriados
Dithmenos
Elyvilon
Fedhas
Gozag
Hepliaklqana
Kikubaaqudgha
Makhleb
Nemelex Xobeh
Okawaru
Qazlal
Ru
Sif Muna
Trog
Uskayaw
Vehumet
Wu Jian
Xom
Yredelemnul
Zin
The Shining One

Shops:
D:2 (   D:9 [(   D:10 *   Orc:2 *[(*   Elf:1 [   Elf:2 :   Vaults:1 *(
Vaults:2 (   Vaults:4 [?

Portals:
Hell: Depths:1 Depths:2 Depths:3 Depths:4
Abyss: Depths:2 Depths:3 Depths:4
Pandemonium: Depths:1 Depths:2 Depths:3
Ziggurat: Depths:2


Innate Abilities, Weirdness & Mutations

You have a pair of horns on your head.
You reflexively headbutt those who attack you in melee.
You are completely covered in iridescent scales. (AC +6)
You are partially covered in large bone plates. (SH +4)
Armour fits poorly on your strangely shaped body.
You passively map a small area around you.
Your system is resistant to poisons. (rPois)


Message History

Something smites you!
* * * LOW HITPOINT WARNING * * *
A death scarab comes into view. x2; A mummy comes into view.
You hit the guardian mummy.
The guardian mummy is lightly damaged.
Your +9 spectral broad axe hits the guardian mummy!
A death scarab comes into view. x3
You hear a loud "Zot"!
The power of Zot is invoked against you!
The guardian mummy is recalled. x2; The mummy is recalled.
The guardian mummy is recalled.
The guardian mummy hits your +9 spectral broad axe!
Your spectral weapon shares its damage with you!
* * * LOW HITPOINT WARNING * * *
A royal mummy comes into view.
A mummy and 2 guardian mummies come into view.
As you read the scroll of teleportation, it crumbles to dust.
You feel strangely unstable.
Your +9 spectral broad axe disappears.
A death scarab comes into view. x5
The guardian mummy unwields a +0 arbalest.
You block the guardian mummy's attack. You block the death scarab's attack.
A death scarab comes into view.
The mummy priest mumbles some strange prayers to its god against you.
Something smites you!
* * * LOW HITPOINT WARNING * * *
A royal mummy comes into view.
You block the mummy's attack.
You feel better.
A death scarab comes into view.
You block the death scarab's attack. The death scarab barely misses you.
A death scarab comes into view.
The death scarab misses you. The death scarab closely misses you.
The death scarab fails to trigger a net trap.
A death scarab comes into view.
You block the guardian mummy's attack.
The royal mummy gestures wildly while chanting.
The royal mummy points at you and mumbles some strange words.
Something smites you!
You die... sBzM. #..... sBMMM.

#<... ,
.BBM...
#..., , ,
........ ,
** , ,,* *
, ####+##
,
M.^..B.###


BM..BM.MB## , ,.B.BBBB@M.# *######MMBM#* ,, ##BMB.# , , ,##BBB# ** * ,, BBB# * ,
M..# , , , BBM# ,* B..# * You could see 2 royal mummies, 2 mummy priests, 5
guardian mummies, 21 death scarabs and 2 mummies.

Vanquished Creatures
  Cerebov (Pan)
  the Royal Jelly (Slime:5)
  Gloorx Vloq (Pan)
  Mnoleg (Pan)
  Lom Lobon (Pan)
  A dread lich (Vaults:5)
  5 ancient liches
  A juggernaut (Depths:4)
  2 orbs of fire
  Mara (Elf:3)
  23 royal mummies
  the Lernaean hydra (Swamp:4)
  Saint Roka (Crypt:1)
  Margery (Vaults:4)
  Frederick (Crypt:1)
  Bai Suzhen (Snake:3)
  4 curse toes
  Nikola (Swamp:2)
  10 golden dragons
  A profane servitor (Abyss:3)
  the Enchantress (Depths:1)
  5 bone dragons
  7 Brimstone Fiends (Pan)
  2 Tzitzimimeh (Pan)
  5 electric golems (Zot:2)
  Rupert (D:14)
  20 tentacled monstrosities
  Jorgrun (D:13)
  8 Hell Sentinels
  Zenata (Elf:2)
  10 liches
  5 Ice Fiends (Pan)
  A shard shrike skeleton (Crypt:3)
  5 titans (Vaults:5)
  Asterion (Snake:3)
  A deep elf blademaster (Elf:3)
  19 acid blobs
  8 quicksilver dragons
  Kirke (Swamp:3)
  12 ancient champions
  A deep elf master archer (Elf:3)
  6 tentacled starspawn (Abyss:3)
  7 death cobs
  10 tengu reavers
  11 shadow dragons
  21 Executioners (Pan)
  5 thorn hunters
  7 pandemonium lords (Pan)
  9 sphinxes
  A fenstrider witch (Swamp:4)
  15 rockslimes
  Donald (Swamp:1)
  Roxanne (Elf:2)
  14 storm dragons
  3 draconian monks
  12 azure jellies
  11 frost giants
  2 revenants
  The ghost of Nexanis the Peltast, a journeyman MiFi of Trog (Orc:2)
  Louise (Depths:2)
  12 fire giants
  2 nagarajas
  5 draconian scorchers
  4 demonspawn warmongers (Pan)
  16 vault wardens
  An iron dragon (Vaults:5)
  21 balrugs
  3 draconian knights
  7 draconian shifters
  7 deep elf sorcerers
  2 ghost moths
  Aizul (Snake:2)
  The ghost of Ythrij the Geomancer, a journeyman GrEE of Makhleb (D:14)
  A draconian stormcaller (Zot:3)
  An angel (Abyss:3)
  8 ghouls (Crypt:2)
  4 spectral caustic shrikes (Depths:2)
  4 caustic shrike skeletons
  8 deep elf elementalists
  2 curse skulls (Pan)
  39 cacodemons (Pan)
  40 very ugly things
  8 reapers
  A broodmother (shapeshifter) (Abyss:3)
  8 demonspawn blood saints (Pan)
  A juggernaut skeleton (Pan)
  6 draconian annihilators
  A quicksilver ooze (shapeshifter) (Vaults:5)
  10 demonspawn corrupters (Pan)
  4 war gargoyles (Vaults:5)
  8 quicksilver oozes
  7 ironbound thunderhulks
  3 spriggan defenders (Depths:1)
  16 ironbound preservers
  Nessos (D:13)
  19 stone giants
  4 deep elf demonologists
  3 vampire knights
  8 black draconians
  6 demonspawn black suns (Pan)
  6 dire elephants
  An eleionoma (Swamp:4)
  6 bunyips
  8 yellow draconians
  17 lorocyprocas
  A rockslime zombie (Crypt:3)
  Azrael (D:14)
  6 red draconians
  4 green draconians
  17 purple draconians
  11 white draconians
  13 deep elf annihilators
  8 bennus
  13 spark wasps
  Snorg (D:11)
  A merfolk javelineer (Depths:2)
  11 mummy priests
  4 deep elf death magi
  12 ettins
  9 statues (WizLab)
  18 blizzard demons
  3 eidola
  An acid blob zombie (Crypt:2)
  7 jiangshi
  13 yaktaur captains
  4 fire dragons
  103 slime creatures
  A great orb of eyes (shapeshifter) (Vaults:5)
  Josephine (D:14)
  9 deep elf high priests
  13 green deaths
  6 rakshasas
  35 vault guards
  2 spriggan air magi (Depths:1)
  2 spriggan zombies
  23 great orbs of eyes
  Erolcha (D:11)
  5 salamander tyrants
  3 hell beasts (Pan)
  9 ice dragons
  A jorogumo (shapeshifter) (Vaults:5)
  A peacekeeper (Vaults:3)
  4 spriggan skeletons
  An ogre mage (Vaults:5)
  27 hydras
  7 centaur warriors
  10 ironbound frosthearts
  2 death knights
  A fenstrider witch skeleton (Pan)
  A ghost crab (Swamp:4)
  18 anacondas
  8 boulder beetles
  8 alligators
  13 tengu warriors
  A catoblepas (Lair:2)
  4 two-headed ogres
  7 deep troll shamans
  An azure jelly zombie (Crypt:3)
  6 deep troll earth magi
  11 naga warriors
  5 thrashing horrors (Abyss:3)
  17 death scarabs
  4 orc high priests (Orc:2)
  10 death yaks
  27 dancing weapons
  4 naga sharpshooters
  Urug (D:13)
  13 shock serpents
  5 vampire magi
  2 spectral storm dragons (Crypt:1)
  2 spriggan berserkers
  4 wretched stars (Abyss:3)
  9 hell knights
  14 deep elf knights
  43 soul eaters
  77 sun demons
  6 shadow wraiths
  A fire crab (shapeshifter) (Vaults:2)
  4 iron trolls
  66 skeletal warriors
  3 skysharks
  10 salamander mystics
  A spectral death yak (Lair:5)
  A golden dragon zombie (Crypt:1)
  A storm dragon zombie (Depths:3)
  31 sixfirhies
  4 titan skeletons
  A spectral anaconda (Lair:5)
  Lodul (D:12)
  A spark wasp zombie (Depths:3)
  3 spatial maelstroms (Abyss:3)
  5 spriggan druids
  4 goliath frogs
  9 swamp dragons
  13 shadow demons (Pan)
  12 sea snakes
  9 glowing orange brains
  An anaconda zombie (Crypt:1)
  36 deep trolls
  10 bog bodies
  A bunyip skeleton (Pan)
  5 flayed ghosts
  3 naga ritualists
  10 wizards
  An obsidian statue (Lair:5)
  2 anaconda skeletons (Crypt:3)
  9 lindwurms
  9 deep elf archers
  11 mana vipers
  24 phantasmal warriors
  2 wolf spider zombies (Crypt:3)
  10 necromancers
  4 orc knights
  4 harpies (Vaults:2)
  20 ironbound convokers
  36 ugly things
  24 deep elf pyromancers
  4 shining eyes
  3 spectral fire dragons (Crypt:1)
  A cyclops (shapeshifter) (Depths:2)
  19 deep elf zephyrmancers
  3 iron dragon skeletons
  5 cyclopes
  3 orc sorcerers
  A moth of wrath (shapeshifter) (Vaults:2)
  An elephant (shapeshifter) (Vaults:5)
  18 salamanders
  2 will-o-the-wisps
  34 black mambas
  2 ice statues (IceCv)
  2 stone giant skeletons
  30 moths of wrath
  9 guardian serpents
  19 elephants
  An elf zombie (Vaults:1)
  15 vault sentinels
  A dire elephant zombie (Lair:5)
  16 naga magi
  A human skeleton (Vaults:1)
  An eye of devastation (shapeshifter) (Depths:3)
  2 torpor snails (Lair:5)
  3 rust devils
  42 smoke demons
  17 demonic crawlers (Pan)
  A frost giant skeleton (Vaults:2)
  2 eyes of devastation
  A water nymph (shapeshifter) (Depths:4)
  32 orange demons
  4 centaur skeletons
  An unseen horror (shapeshifter) (D:15)
  2 dire elephant skeletons
  35 yaktaurs
  4 hellions (Pan)
  6 komodo dragons
  7 freezing wraiths
  10 cane toads
  A white draconian zombie (Crypt:2)
  4 unseen horrors
  5 rime drakes
  9 efreet
  3 kobold demonologists
  22 guardian mummies
  17 tengu conjurers
  2 catoblepas skeletons (Pan)
  7 ancient zymes (Abyss:3)
  An ice devil (Pan)
  6 tormentors (Pan)
  2 minotaur skeletons
  An alligator snapping turtle skeleton (Crypt:3)
  3 meliai (D:14)
  A polar bear (Lair:1)
  11 red devils
  78 large abominations
  4 trolls
  7 tyrant leeches
  9 harpy skeletons
  A merfolk (shapeshifter) (Vaults:5)
  21 hellwings
  The ghost of booth the Insei, an amateur DsTm (D:5)
  A tengu simulacrum (Depths:3)
  A hydra skeleton (Crypt:3)
  A jumping spider zombie (Crypt:1)
  A wind drake (shapeshifter) (Vaults:5)
  An ettin zombie (Crypt:1)
  A tarantella (shapeshifter) (Elf:1)
  10 raiju (Abyss:3)
  20 blink frogs
  7 dream sheep
  2 spectral elephants (Lair:5)
  46 flying skulls
  4 air elementals
  6 ettin skeletons
  15 hornets
  12 water elementals
  A yak (shapeshifter) (Vaults:5)
  15 ushabtiu
  Sigmund (D:4)
  A satyr skeleton (Crypt:2)
  2 shadows (Abyss:3)
  11 wraiths
  2 vampires
  3 wyverns
  40 ynoxinuls (Pan)
  2 black mamba skeletons
  39 yaks
  6 fire elementals
  17 humans
  A fire bat (shapeshifter) (Depths:2)
  A hog (Swamp:3)
  Eustachio (D:4)
  21 neqoxecs
  5 basilisks
  36 chaos spawn
  5 golden eyes
  7 redbacks (Elf:3)
  22 spriggans
  A steam dragon (D:10)
  15 vampire mosquitoes
  A redback (shapeshifter) (Vaults:2)
  Grum (D:10)
  A swamp worm (shapeshifter) (D:15)
  18 swamp worms
  A human simulacrum (Vaults:1)
  A merfolk zombie (Crypt:2)
  4 wargs
  5 spatial vortices (Abyss:3)
  2 death yak simulacra (Lair:5)
  42 nagas
  A floating eye (Depths:3)
  2 hell hounds (D:14)
  5 naga skeletons
  17 water moccasins
  A manticore zombie (Crypt:1)
  An ogre skeleton (Vaults:2)
  27 orc warriors
  2 sky beasts
  5 swamp drakes (Swamp:4)
  2 ice beasts
  2 black bears
  An elephant zombie (Lair:5)
  A hog zombie (Crypt:3)
  16 wolves
  11 ogres
  A torpor snail zombie (Crypt:1)
  An elephant skeleton (Lair:5)
  17 centaurs
  A phantom (D:5)
  A swamp dragon skeleton (Pan)
  3 kobold brigands
  15 bullfrogs
  A fire crab zombie (Crypt:1)
  A gnoll sergeant (D:9)
  5 cane toad simulacra
  An elf skeleton (Crypt:1)
  5 scorpions
  A cyclops skeleton (Crypt:3)
  4 necrophages (Crypt:2)
  2 earth elementals
  A warg zombie (Crypt:1)
  7 wights
  A cyclops zombie (Crypt:3)
  16 killer bees
  A troll zombie (Crypt:1)
  4 lindwurm simulacra (IceCv)
  6 elephant simulacra
  5 howler monkeys
  2 electric eels (Lair:2)
  2 lava snakes
  2 crimson imps
  2 jellies
  A quasit (Abyss:3)
  A wolf skeleton (Crypt:2)
  2 hounds
  33 orc priests
  A gnoll bouda (D:9)
  4 komodo dragon simulacra (IceCv)
  18 starcursed masses (Abyss:3)
  3 iguanas
  3 iron imps
  3 sleepcaps
  32 orc wizards
  A boggart skeleton (Crypt:2)
  13 small abominations
  A sky beast zombie (Crypt:3)
  68 mummies
  Robin (D:3)
  15 gnolls
  6 acid dragon simulacra (IceCv)
  4 adders
  A shadow imp (D:8)
  4 white imps
  2 ufetubi (Abyss:3)
  7 steam dragon simulacra (IceCv)
  A lava snake skeleton (Crypt:2)
  4 dart slugs
  73 orcs
  8 bats
  8 endoplasms
  5 giant cockroaches (D:1)
  16 goblins
  10 hobgoblins
  4 jackals (D:3)
  13 kobolds
  6 quokkas
  4 ball pythons
  A ball python zombie (Crypt:2)
  A frilled lizard (D:2)
  2 hobgoblin zombies (D:4)
  2 kobold zombies (D:4)
  An orc skeleton (Crypt:1)
  5 rats
  6 fire vortices
  A lurking horror (Abyss:3)
  A spectral weapon (Snake:3)
  2 starspawn tentacles (Abyss:3)
3436 creatures vanquished.

Vanquished Creatures (others)
  A golden dragon (Zot:2)
  An Executioner (Pan)
  A demonspawn warmonger (Pan)
  An angel (Pan)
  A cacodemon (Pan)
  A demonspawn corrupter (Pan)
  A demonspawn blood saint (Pan)
  A rakshasa (Pan)
  A soul eater (Pan)
  2 sixfirhies (Pan)
  A smoke demon (Pan)
  2 orange demons (Pan)
  2 bloated husks
  3 hellwings (Pan)
  A ynoxinul (Pan)
  A human (Swamp:3)
  A swamp worm (Swamp:4)
  4 large abominations
  2 small abominations (Abyss:2)
  A starcursed mass (Abyss:3)
  A mummy (Tomb:2)
  A ball lightning (Pan)
  2 foxfires (Swamp:2)
  A lurking horror (Abyss:3)
  110 spectral weapons
  14 starspawn tentacles
158 creatures vanquished.

Grand Total: 3594 creatures vanquished

Notes
Turn   | Place    | Note
-------+----------+-------------------------------------------
     0 | D:1      | Laveh the Minotaur Fighter began the quest for the Orb.
     0 | D:1      | Reached XP level 1. HP: 19/19 MP: 0/0
   155 | D:1      | Noticed a golden eye
   156 | D:1      | Found a faded altar of an unknown god.
   160 | D:1      | Reached XP level 2. HP: 26/26 MP: 1/1
   161 | D:1      | Noticed an eye of devastation
   161 | D:1      | Noticed a shining eye
   161 | D:1      | Noticed a great orb of eyes
   214 | D:1      | Prayed at the altar of an unknown god.
   214 | D:1      | Became a worshipper of Warmaster Okawaru
   214 | D:1      | Reached * piety under Okawaru
   603 | D:1      | Reached XP level 3. HP: 22/31 MP: 2/2
  1095 | D:2      | Found Vipaes's Weapon Emporium.
  1220 | D:2      | Reached skill level 5 in Axes
  1268 | D:2      | Reached XP level 4. HP: 39/39 MP: 3/3
  1473 | D:3      | Noticed Robin
  1482 | D:3      | Killed Robin
  1701 | D:3      | Reached XP level 5. HP: 33/45 MP: 4/4
  1947 | D:3      | You fall into a shaft and drop 1 floor!
  2035 | D:3      | Found a glowing golden altar of the Shining One.
  2169 | D:3      | Found an ornate altar of the Wu Jian Council.
  2432 | D:4      | Reached XP level 6. HP: 51/51 MP: 5/5
  2445 | D:4      | Noticed Eustachio
  2477 | D:4      | Killed Eustachio
  2697 | D:4      | Noticed Sigmund
  2704 | D:4      | Killed Sigmund
  2705 | D:4      | Reached XP level 7. HP: 56/57 MP: 3/6
  2824 | D:4      | Found an iron altar of Okawaru.
  3243 | D:5      | Entered Level 5 of the Dungeon
  3314 | D:5      | Reached skill level 10 in Axes
  3357 | D:5      | Reached ** piety under Okawaru
  3527 | D:5      | Found a runed translucent gate.
  3527 | D:5      | Found a runed translucent gate.
  3528 | D:5      | Found a runed translucent gate.
  3528 | D:5      | Noticed booth's ghost (amateur DsTm)
  4125 | D:5      | Killed booth's ghost
  4126 | D:5      | Reached XP level 8. HP: 59/64 MP: 4/7
  4432 | D:6      | Found a bloodstained altar of Trog.
  4656 | D:6      | Found a staircase to the Ecumenical Temple.
  4684 | D:6      | Found an ancient bone altar of Kikubaaqudgha.
  4785 | D:6      | Found a shimmering altar of Xom.
  4807 | D:6      | Reached skill level 5 in Fighting
  4905 | D:6      | Found a blossoming altar of Fedhas.
  4913 | D:6      | Found a shadowy altar of Dithmenos.
  4913 | D:6      | Found a hazy altar of Hepliaklqana.
  4917 | D:6      | Found a broken altar of Ashenzari.
  4918 | D:6      | Found a basalt altar of Yredelemnul.
  5202 | Temple   | Entered the Ecumenical Temple
  5276 | D:7      | Reached skill level 1 in Invocations
  5443 | D:7      | Reached *** piety under Okawaru
  5582 | D:7      | Reached XP level 9. HP: 74/75 MP: 8/10
  7232 | D:9      | Noticed a two-headed ogre
  7238 | D:9      | Killed a two-headed ogre
  7238 | D:9      | Reached **** piety under Okawaru
  7266 | D:9      | Found Zaghe's Antique Armour Shop.
  7281 | D:9      | Reached XP level 10. HP: 79/90 MP: 12/12
  7405 | D:9      | Found Titrulea's Antique Weapon Boutique.
  7715 | D:9      | Found a shimmering blue altar of Sif Muna.
  7715 | D:9      | Found a radiant altar of Vehumet.
  7721 | D:9      | Found a faded altar of an unknown god.
  7723 | D:9      | Found a sacrificial altar of Ru.
  7725 | D:9      | Found a burning altar of Makhleb.
  7932 | D:10     | Entered Level 10 of the Dungeon
  7940 | D:10     | Identified the ring "Ykiasme" {Fire *Corrode Int+3}
  8016 | D:10     | Found a sparkling altar of Nemelex Xobeh.
  8035 | D:10     | Found Vicanav's General Store.
  8064 | D:10     | Noticed Grum
  8074 | D:10     | Killed Grum
  8142 | D:10     | Reached skill level 10 in Fighting
  8144 | D:10     | Reached skill level 15 in Axes
  8385 | D:10     | Found a staircase to the Lair.
  8385 | D:10     | Noticed an elephant
  8390 | D:10     | Killed an elephant
  8393 | D:10     | Reached ***** piety under Okawaru
  8564 | Lair:1   | Entered Level 1 of the Lair of Beasts
  8834 | Lair:1   | Noticed a cane toad
  8841 | Lair:1   | Killed a cane toad
  8955 | Lair:1   | Reached XP level 11. HP: 92/103 MP: 13/13
  9217 | Lair:1   | Identified the +1 ring mail of Caxat {Int+7} (Okawaru
                  | gifted it to you on level 1 of the Lair of Beasts)
  9217 | Lair:1   | Received a gift from Okawaru
  9619 | Lair:2   | Found a staircase to the Swamp.
  9632 | Swamp:1  | Entered Level 1 of the Swamp
  9632 | Swamp:1  | Noticed a bog body
 10051 | Lair:2   | Noticed a catoblepas
 10073 | Lair:2   | Killed a catoblepas
 10678 | Lair:3   | Reached XP level 12. HP: 106/117 MP: 11/14
 10830 | Lair:3   | Received a gift from Okawaru
 10887 | Lair:3   | Noticed a death yak
 10887 | Lair:3   | Noticed a death yak
 10887 | Lair:3   | Noticed a death yak
 10897 | Lair:3   | Killed a death yak
 10899 | Lair:3   | Noticed a death yak
 10903 | Lair:3   | Killed a death yak
 10906 | Lair:3   | Killed a death yak
 10907 | Lair:3   | Reached skill level 5 in Armour
 10907 | Lair:3   | Reached skill level 5 in Shields
 10907 | Lair:3   | Killed a death yak
 11297 | Lair:3   | Found a staircase to the Snake Pit.
 11430 | Lair:3   | You fall into a shaft and drop 1 floor!
 11501 | Lair:4   | Found a frozen archway.
 11507 | Lair:4   | Reached skill level 5 in Invocations
 11525 | IceCv    | Entered an ice cave
 11759 | IceCv    | Identified the ring "Babbae" {rElec rF- rCorr AC+4 Stlth+}
 11859 | IceCv    | Noticed an ice dragon
 11876 | IceCv    | Killed an ice dragon
 12087 | IceCv    | Identified the ring "Necod" {Ice rN++}
 12308 | Lair:4   | Reached skill level 15 in Fighting
 12333 | Lair:4   | Received a gift from Okawaru
 12339 | Lair:4   | Noticed a seven-headed hydra
 12341 | Lair:4   | Noticed a four-headed hydra
 12347 | Lair:4   | Killed an 11-headed hydra
 12348 | Lair:4   | Noticed a death yak
 12348 | Lair:4   | Noticed a death yak
 12349 | Lair:4   | Killed a 12-headed hydra
 12350 | Lair:4   | Reached XP level 13. HP: 83/126 MP: 8/16
 12369 | Lair:4   | Received a gift from Okawaru
 13026 | Lair:4   | Found a staircase to the Slime Pits.
 13317 | Slime:1  | Entered Level 1 of the Pits of Slime
 13317 | Slime:1  | Noticed a rockslime
 13751 | Lair:5   | Entered Level 5 of the Lair of Beasts
 14224 | Lair:5   | Reached skill level 10 in Armour
 14224 | Lair:5   | Reached skill level 10 in Shields
 14439 | Lair:5   | Noticed a dire elephant
 14442 | Lair:5   | Noticed a dire elephant
 14452 | Lair:5   | Killed a dire elephant
 14649 | Lair:5   | Reached XP level 14. HP: 127/136 MP: 16/19
 15261 | Lair:5   | Identified the +10 plate armour of Summertime {rN+ Dex+3}
                  | (Okawaru gifted it to you on level 5 of the Lair of Beasts)
 15261 | Lair:5   | Received a gift from Okawaru
 15901 | Snake:1  | Entered Level 1 of the Snake Pit
 16085 | D:11     | Noticed Snorg
 16097 | D:11     | Killed Snorg
 16322 | D:11     | Noticed Erolcha
 16329 | D:11     | Killed Erolcha
 16717 | D:12     | Reached skill level 10 in Invocations
 16968 | D:12     | Found a staircase to the Orcish Mines.
 16978 | Orc:1    | Entered Level 1 of the Orcish Mines
 17405 | D:12     | Noticed Lodul
 17413 | D:12     | Killed Lodul
 17705 | D:13     | Noticed Urug
 17705 | D:13     | Noticed Nessos
 17705 | D:13     | Found a gate to the Vaults.
 17832 | D:13     | Killed Urug
 17836 | D:13     | Reached XP level 15. HP: 125/145 MP: 14/22
 17839 | D:13     | Killed Nessos
 18030 | D:13     | Noticed Jorgrun
 18036 | D:13     | Killed Jorgrun
 18785 | D:14     | Noticed Josephine
 18791 | D:14     | Killed Josephine
 18961 | D:14     | Found a runed translucent gate.
 18962 | D:14     | Found a runed translucent gate.
 18962 | D:14     | Found a runed translucent gate.
 18963 | D:14     | Noticed a fire giant
 18964 | D:14     | Noticed Ythrij's ghost (journeyman GrEE)
 18979 | D:14     | Noticed Rupert
 18986 | D:14     | Killed Rupert
 19406 | D:14     | Noticed Azrael
 19418 | D:14     | Killed Azrael
 19671 | D:14     | Found a sparkling altar of Nemelex Xobeh.
 19707 | D:14     | Found an iron altar of Okawaru.
 19718 | D:14     | Killed a fire giant
 19723 | D:14     | Killed Ythrij's ghost
 19943 | D:14     | Got Sif Muna's Tractate on the Weathered Ground
 20251 | D:14     | Identified 2 scrolls of acquirement
 20252 | D:14     | Acquired a manual of Invocations
 20254 | D:14     | Acquired a manual of Invocations
 20289 | D:15     | Entered Level 15 of the Dungeon
 20325 | D:15     | Found a hide-covered altar of Uskayaw.
 20353 | D:15     | Found a staircase to the Depths.
 20698 | D:15     | Found a shadowy altar of Dithmenos.
 21348 | Depths:1 | Entered Level 1 of the Depths
 21358 | Depths:1 | Noticed a tengu reaver
 21512 | Orc:2    | Entered Level 2 of the Orcish Mines
 22186 | Orc:2    | Found a runed translucent door.
 22186 | Orc:2    | Noticed Nexanis's ghost (journeyman MiFi)
 22243 | Orc:2    | Found Afa Zef's Assorted Antiques.
 22243 | Orc:2    | Found Acyepnic's Weapon Shoppe.
 22247 | Orc:2    | Reached XP level 16. HP: 104/155 MP: 22/24
 22400 | Orc:2    | Found Ruemp's Assorted Antiques.
 22404 | Orc:2    | Found Cosiumiera's Armour Emporium.
 22570 | Orc:2    | Found a staircase to the Elven Halls.
 22847 | Orc:2    | Killed Nexanis's ghost
 22849 | Orc:2    | Identified the staff of earth "Noluut" {+Blink rElec Str-3
                  | Dex+5}
 22876 | Orc:2    | Bought a pair of embroidered boots for 277 gold pieces
 22898 | Orc:2    | Bought a scroll of enchant weapon for 277 gold pieces
 22947 | Elf:1    | Entered Level 1 of the Elven Halls
 22954 | Elf:1    | Paralysed by an air elemental for 1 turns
 22957 | Elf:1    | Paralysed by an air elemental for 1 turns
 23424 | Elf:1    | Reached skill level 15 in Armour
 23433 | Elf:1    | Reached skill level 15 in Shields
 24104 | Elf:1    | Paralysed by an air elemental for 1 turns
 24299 | Elf:1    | Paralysed by an air elemental for 1 turns
 24343 | Elf:1    | Found an ancient bone altar of Kikubaaqudgha.
 24436 | Elf:1    | Received a gift from Okawaru
 24517 | Elf:1    | Found Hopsoeto's Armour Shoppe.
 24897 | Elf:2    | Identified Roxanne's Compilation of the Mountains
 24897 | Elf:2    | Noticed Roxanne
 24910 | Elf:2    | Killed Roxanne
 25259 | Elf:2    | Found a runed translucent gate.
 25260 | Elf:2    | Found a runed translucent gate.
 25260 | Elf:2    | Found a runed translucent gate.
 25282 | Elf:2    | Found Jeplaoda's Book Shoppe.
 25495 | Elf:2    | Reached skill level 15 in Invocations
 26046 | Elf:2    | Noticed Zenata
 26059 | Elf:2    | Killed Zenata
 26195 | Elf:3    | Entered Level 3 of the Elven Halls
 26214 | Elf:3    | Reached XP level 17. HP: 163/163 MP: 27/27
 26228 | Elf:3    | Noticed Mara
 26244 | Elf:3    | Noticed Laveh's illusion
 26679 | Swamp:1  | Reached skill level 1 in Dodging
 26910 | Swamp:1  | Noticed Donald
 26933 | Swamp:1  | Killed Donald
 28131 | Swamp:1  | Identified the +11 dagger of Growth {heavy, *Noise rN+
                  | rCorr SInv}
 28463 | Swamp:2  | Reached skill level 5 in Dodging
 28546 | Swamp:2  | Noticed Nikola
 28561 | Swamp:2  | Killed Nikola
 29030 | Swamp:2  | You fall into a shaft and drop 1 floor!
 29042 | Swamp:3  | Noticed Kirke
 29054 | Swamp:3  | Killed Kirke
 29533 | Swamp:3  | Identified the +5 war axe of Inflation {antimagic, Str-2
                  | Dex+6}
 30064 | Swamp:4  | Entered Level 4 of the Swamp
 30747 | Swamp:4  | Reached XP level 18. HP: 151/172 MP: 28/28
 30849 | Swamp:4  | Noticed the 27-headed Lernaean hydra
 30865 | Swamp:4  | Killed the 21-headed Lernaean hydra
 30913 | Swamp:4  | Got a decaying rune of Zot
 31373 | Swamp:4  | Reached skill level 10 in Dodging
 31826 | Slime:2  | Paralysed by a great orb of eyes for 5 turns
 32732 | Slime:3  | Identified the +1 hat of the Tired Gods {rElec rPois rC-
                  | Int+2} (Okawaru gifted it to you on level 3 of the Pits of
                  | Slime)
 32732 | Slime:3  | Received a gift from Okawaru
 33972 | Slime:5  | Entered Level 5 of the Pits of Slime
 34026 | Slime:5  | Gained mutation: You are clumsy. (Dex -2) [a shining eye]
 34605 | Slime:5  | Reached XP level 19. HP: 172/179 MP: 29/29
 34609 | Slime:5  | Gained mutation: Your body sometimes deteriorates upon
                  | taking damage. [a shining eye]
 34611 | Slime:5  | Paralysed by a great orb of eyes for 4 turns
 34654 | Slime:5  | Noticed the Royal Jelly
 34664 | Slime:5  | Killed the Royal Jelly
 35003 | Slime:5  | Identified the staff of air "Jeof" {rElec Str+2}
 35049 | Slime:5  | Identified the amulet of Kofaann {Spirit Will+}
 35075 | Slime:5  | Identified the ring of Bavum {rPois EV+5 Int-4 Dex+5 SInv}
 35106 | Slime:5  | Got a slimy rune of Zot
 35108 | Slime:5  | Got the Meditations on Lithic Evil
 35980 | Snake:1  | Reached XP level 20. HP: 188/188 MP: 30/30
 36801 | Snake:2  | You fall into a shaft and drop 1 floor!
 36805 | Snake:3  | Noticed Bai Suzhen
 36808 | Snake:3  | Received a gift from Okawaru
 36819 | Snake:3  | Killed Bai Suzhen
 36913 | Snake:3  | Reached skill level 15 in Dodging
 37567 | Snake:3  | Noticed Asterion
 37576 | Snake:3  | Killed Asterion
 38163 | Snake:3  | Got the Quarto of the Big Fish
 38297 | Snake:2  | Noticed Aizul
 38305 | Snake:2  | Killed Aizul
 38531 | Snake:2  | Identified the +1 dire flail of Enly {antimagic, +Blink
                  | Str-2 Dex+3}
 39230 | Snake:4  | Entered Level 4 of the Snake Pit
 40193 | Snake:4  | Reached XP level 21. HP: 198/198 MP: 31/31
 40206 | Snake:4  | Identified the +2 trident of Midsummer {drain, Dex+5}
 40808 | Snake:4  | Got a serpentine rune of Zot
 41287 | Elf:3    | Killed Mara
 41584 | Abyss:2  | Cast into level 2 of the Abyss (a deep elf sorcerer)
 42420 | Abyss:3  | Found a corrupted altar of Lugonu.
 42433 | Abyss:3  | Found a corrupted altar of Lugonu.
 42451 | Abyss:3  | Noticed an ancient lich
 42461 | Abyss:3  | Killed an ancient lich
 42529 | Abyss:3  | Noticed a profane servitor
 42537 | Abyss:3  | Killed a profane servitor
 42766 | Elf:3    | Escaped the Abyss
 42886 | Abyss:3  | Cast into level 3 of the Abyss (a deep elf demonologist)
 42995 | Abyss:3  | Paralysed by a great orb of eyes for 2 turns
 43104 | Abyss:3  | Paralysed by accursed screaming for 2 turns
 43124 | Abyss:3  | Paralysed by accursed screaming for 1 turns
 43128 | Abyss:3  | Paralysed by accursed screaming for 1 turns
 43661 | Abyss:3  | Found a corrupted altar of Lugonu.
 43726 | Elf:3    | Escaped the Abyss
 43889 | Elf:3    | Identified the +5 broad axe of Royalism {flame, rElec rC+
                  | rN+ Will-}
 44141 | Elf:3    | Identified the +4 great mace of Jaent {pain, rF+ Dex+3}
 44146 | Elf:3    | Reached XP level 22. HP: 199/214 MP: 30/32
 44229 | Elf:3    | Got the Omnibus of Windy Necromancy
 44231 | Elf:3    | Identified the +6 morningstar "Duro" {flame, Str+6}
 44268 | Elf:3    | Got the Grimoire of Energy
 44293 | Elf:3    | Identified the +6 battleaxe of Fuezaf {flame, *Noise Fly
                  | rPois rF+++}
 44318 | Elf:3    | Identified the +0 ring mail of Resilience {Int+4}
 44323 | Elf:3    | Identified the +10 trident of Doom {freeze, Dex+2}
 44328 | Elf:3    | Identified the amulet of Kuddu {Acrobat Int+3}
 44346 | Elf:3    | Identified the +1 leather armour of Topur {Will+++}
 44659 | Vaults:1 | Entered Level 1 of the Vaults
 44662 | Vaults:1 | Found Hucoipab's Assorted Antiques.
 44812 | Vaults:1 | Found Qukhlul's Weapon Emporium.
 45795 | Abyss:3  | Cast into level 3 of the Abyss (a wizard)
 45875 | Abyss:3  | Got an abyssal rune of Zot
 45951 | Abyss:3  | Noticed an ancient lich
 45962 | Abyss:3  | Killed an ancient lich
 46127 | Vaults:1 | Escaped the Abyss
 46925 | Vaults:2 | Found Cyfrulet's Weapon Shop.
 47105 | Vaults:2 | Received a gift from Okawaru
 47533 | Vaults:2 | Identified the +3 scimitar of the Vaults {protect, rF+}
 47859 | Vaults:2 | Reached XP level 23. HP: 204/229 MP: 34/34
 49112 | Vaults:3 | Found a staircase to the Crypt.
 49760 | Crypt:1  | Entered Level 1 of the Crypt
 49894 | Crypt:1  | Noticed Frederick
 49902 | Crypt:1  | Killed Frederick
 50131 | Crypt:1  | Found a magical portal.
 50136 | WizLab   | Entered Iskenderun's Mystic Tower
 51219 | WizLab   | Got Iskenderun's Opusculum on Arcane Combat
 51398 | Crypt:1  | Noticed Saint Roka
 51428 | Crypt:1  | Killed Saint Roka
 52873 | Crypt:3  | Entered Level 3 of the Crypt
 52926 | Crypt:3  | Reached XP level 24. HP: 245/245 MP: 35/35
 53196 | Crypt:3  | Identified the +3 ring mail of Grace {rElec Slay+3}
 53357 | Crypt:3  | Identified the +0 scale mail of Okawaru's Vengeance {MP+9
                  | Str+6 Int+4 Dex-3} (Okawaru gifted it to you on level 3 of
                  | the Crypt)
 53357 | Crypt:3  | Received a gift from Okawaru
 53485 | Crypt:3  | Found an ancient bone altar of Kikubaaqudgha.
 53908 | Crypt:3  | Noticed an ancient lich
 53916 | Crypt:3  | Killed an ancient lich
 54017 | Crypt:3  | Got Borgnjor's Spellbook of Spectres
 54045 | Crypt:3  | Identified the +0 pair of gloves "Lytel" {rElec rPois}
 54072 | Crypt:3  | Identified the amulet "Zuxukh" {Will++ Regen+}
 54072 | Crypt:3  | Identified the ring of Xustrin {rN+ Int+3}
 54204 | Crypt:3  | Reached skill level 27 in Fighting
 54556 | Crypt:3  | Found a staircase to the Tomb.
 54564 | Tomb:1   | Entered Level 1 of the Tomb of the Ancients
 55055 | Tomb:1   | Identified the +1 leather armour "Erautuk" {Rampage rF++}
 55059 | Tomb:1   | Noticed a royal mummy
 55068 | Tomb:1   | Killed a royal mummy
 55489 | Tomb:1   | Identified the +1 bardiche "Enoav" {freeze, Stlth+}
 55489 | Tomb:1   | Noticed a royal mummy
 55494 | Tomb:1   | Killed a royal mummy
 55727 | Tomb:1   | Noticed a royal mummy
 55735 | Tomb:1   | Killed a royal mummy
 56566 | Vaults:4 | Noticed Margery
 56575 | Vaults:4 | Killed Margery
 57173 | Vaults:4 | Found Baklel's Magic Scroll Shop.
 57637 | Vaults:4 | Found Zolaw's Antique Armour Emporium.
 57877 | Vaults:5 | Entered Level 5 of the Vaults
 57882 | Vaults:5 | Reached XP level 25. HP: 238/257 MP: 33/35
 57885 | Vaults:5 | Reached skill level 27 in Dodging
 58771 | Vaults:5 | Identified the +3 dagger "Gram" {vamp, rCorr Str+3}
 58823 | Vaults:5 | Identified the ring "Deygh" {Fly rC- Will+ SInv Stlth+}
 58826 | Vaults:5 | Identified the +5 bardiche "Guumomy" {freeze, Fragile rElec
                  | Int+3 Dex+7 Stlth+}
 58828 | Vaults:5 | Got a silver rune of Zot
 58854 | Vaults:5 | Identified the +2 shortbow "Pixuig" {heavy, rElec rC+ Int+4
                  | Dex-3}
 58854 | Vaults:5 | Identified the ring of Wolum {rCorr Int+6 Stlth+}
 58855 | Vaults:5 | Noticed an ancient lich
 58862 | Vaults:5 | Killed an ancient lich
 59117 | Vaults:5 | Noticed a dread lich
 59128 | Vaults:5 | Killed a dread lich
 59279 | Vaults:5 | Identified the amulet "Zinumek" {Faith +Blink rF- rC-
                  | Regen+}
 59317 | Vaults:5 | Identified the ring of Xierilae {Wiz Int+6 Dex-5}
 59319 | Vaults:5 | Identified the +10 scimitar of the Sun {flame, rF+}
 59333 | Vaults:5 | Found the +2 hood of the Assassin {Detect Stab+ Stlth++}
 59907 | Vaults:5 | Noticed an ancient lich
 59917 | Vaults:5 | Killed an ancient lich
 59917 | Vaults:5 | Received a gift from Okawaru
 59966 | Vaults:5 | Identified the +0 robe of the Nine of Wands {rC- rCorr
                  | Str+3 Dex+3}
 59974 | Vaults:5 | Identified the +7 plate armour "Qiasuk Qeod" {Str+7 Int-3}
 60218 | Vaults:5 | Identified the +0 scale mail "Papsiloz" {Str+5}
 60254 | Vaults:5 | Found the ring of Shadows {Umbra +Inv Stlth+}
 60806 | Depths:1 | Reached skill level 1 in Throwing
 60994 | Depths:1 | Found a one-way gate leading to the halls of Pandemonium.
 61086 | Depths:1 | Found a gateway to Hell.
 61202 | Depths:1 | Reached XP level 26. HP: 211/266 MP: 34/35
 61310 | Depths:1 | Noticed the Enchantress
 61318 | Depths:1 | Killed the Enchantress
 61683 | Depths:2 | Found a basalt altar of Yredelemnul.
 61723 | Depths:2 | Reached skill level 5 in Throwing
 61783 | Depths:2 | Found a one-way gateway to a ziggurat.
 62151 | Depths:2 | Found a one-way gate to the infinite horrors of the Abyss.
 62151 | Depths:2 | Identified the +0 tower shield "Esythrel" {Harm Int+4}
 62151 | Depths:2 | Noticed Louise
 62180 | Depths:2 | Killed Louise
 62959 | Depths:3 | Received a gift from Okawaru
 63330 | Depths:3 | Received a gift from Okawaru
 63381 | Depths:3 | You are sucked into a shaft and drop 1 floor!
 63381 | Depths:4 | Entered Level 4 of the Depths
 64065 | Depths:3 | Found the +6 shillelagh "Devastator" {shatter}
 64320 | Depths:4 | Identified the +3 chain mail of Lilacs {Will+}
 64523 | Depths:4 | Found a gate to the Realm of Zot.
 64720 | Depths:4 | Noticed a juggernaut
 64728 | Depths:4 | Killed a juggernaut
 64866 | Depths:4 | Identified the +5 great sword of Upta {spect, Stlth+}
 65105 | Vaults:1 | Bought a potion of haste for 290 gold pieces
 65105 | Vaults:1 | Bought a potion of curing for 87 gold pieces
 65291 | Vaults:4 | Bought a scroll of teleportation for 72 gold pieces
 65291 | Vaults:4 | Bought a scroll of teleportation for 72 gold pieces
 65291 | Vaults:4 | Bought a scroll of fog for 96 gold pieces
 65545 | Orc:2    | Bought a scroll of blinking for 157 gold pieces
 65545 | Orc:2    | Bought a potion of might for 84 gold pieces
 65549 | Orc:2    | Bought a scroll of blinking for 277 gold pieces
 65549 | Orc:2    | Acquired 748 gold pieces
 65550 | Orc:2    | Bought a phantom mirror for 1480 gold pieces
 65674 | Elf:2    | Bought an Inescapable Atlas for 448 gold pieces
 65851 | D:10     | Bought a wand of iceblast (4) for 96 gold pieces
 65851 | D:10     | Bought 2 scrolls of teleportation for 60 gold pieces
 65851 | D:10     | Bought 3 scrolls of magic mapping for 225 gold pieces
 66747 | Zot:1    | Entered Level 1 of the Realm of Zot
 66993 | Zot:1    | Received a gift from Okawaru
 67416 | Zot:1    | Reached skill level 27 in Shields
 67495 | Zot:1    | Reached XP level 27. HP: 192/273 MP: 36/36
 68032 | Zot:2    | Received a gift from Okawaru
 69535 | Zot:3    | Noticed an orb of fire
 69569 | Zot:3    | Killed an orb of fire
 70696 | Zot:4    | Noticed an orb of fire
 70704 | Zot:4    | Killed an orb of fire
 70729 | Zot:4    | Received a gift from Okawaru
 71526 | Zot:4    | Found a transporter.
 71528 | Zot:4    | Found a transporter.
 71530 | Zot:4    | Found a transporter.
 71551 | Zot:4    | Found a transporter.
 71898 | Zot:5    | Entered Level 5 of the Realm of Zot
 72943 | Tomb:2   | Noticed a royal mummy
 72948 | Tomb:2   | Noticed a royal mummy
 72952 | Tomb:2   | Noticed a royal mummy
 72954 | Tomb:2   | Noticed a royal mummy
 72961 | Tomb:2   | Killed a royal mummy
 72969 | Tomb:2   | Killed a royal mummy
 72998 | Tomb:2   | Killed a royal mummy
 73007 | Tomb:2   | Killed a royal mummy
 73930 | Tomb:1   | Noticed a royal mummy
 73930 | Tomb:1   | Noticed a royal mummy
 73930 | Tomb:1   | Noticed a royal mummy
 73931 | Tomb:1   | Noticed a royal mummy
 73937 | Tomb:1   | Killed a royal mummy
 73937 | Tomb:1   | Received a gift from Okawaru
 73938 | Tomb:1   | Killed a royal mummy
 73938 | Tomb:1   | Noticed a royal mummy
 73944 | Tomb:1   | Noticed a royal mummy
 73944 | Tomb:1   | Noticed a royal mummy
 73947 | Tomb:1   | Killed a royal mummy
 73948 | Tomb:1   | HP: 11/273 [royal mummy/divine providence (13)]
 74797 | Pan      | Entered Pandemonium
 74863 | Pan      | Reached skill level 27 in Axes
 75167 | Pan      | Found a transporter.
 75435 | Pan      | Found a transporter.
 75537 | Pan      | Identified the ring of Xom's Entertainment {Ice Contam rN+
                  | Str+2 Dex+2}
 75861 | Pan      | Identified the amulet "Bothipravi" {rF+ Regen+ Str-4 Int+2}
 75864 | Pan      | Identified the +7 scimitar "Laedet" {protect, rPois rCorr
                  | Str+4 Dex-5}
 75969 | Pan      | Noticed Asenihel the pandemonium lord
 75987 | Pan      | Killed Asenihel the pandemonium lord
 76056 | Pan      | Received a gift from Okawaru
 76497 | Pan      | Gained mutation: Your magical capacity is low. (-10% MP) [a
                  | neqoxec]
 77113 | Pan      | Found an exit through the horrors of the Abyss.
 77350 | Pan      | Noticed Vara the pandemonium lord
 77363 | Pan      | Killed Vara the pandemonium lord
 77873 | Pan      | Noticed Defocoon the pandemonium lord
 77882 | Pan      | Killed Defocoon the pandemonium lord
 78218 | Pan      | Received a gift from Okawaru
 78242 | Pan      | Reached skill level 27 in Armour
 78635 | Pan      | Noticed Zoburaj the pandemonium lord
 78641 | Pan      | Gained mutation: You are dopey. (Int -2) [a cacodemon]
 78661 | Pan      | Killed Zoburaj the pandemonium lord
 78859 | Pan      | Reached skill level 10 in Throwing
 78950 | Pan      | Got a demonic rune of Zot
 79174 | Pan      | Found an exit through the horrors of the Abyss.
 79575 | Pan      | Received a gift from Okawaru
 80165 | Pan      | Entered the realm of Gloorx Vloq.
 80399 | Pan      | Found an exit through the horrors of the Abyss.
 80687 | Pan      | Noticed Gloorx Vloq
 80725 | Pan      | HP: 13/273 [Executioner (3)]
 80730 | Pan      | HP: 6/273 [Executioner (5)]
 81423 | Pan      | Received a gift from Okawaru
 81570 | Pan      | Killed Gloorx Vloq
 81794 | Pan      | Got a dark rune of Zot
 81805 | Pan      | Identified the +0 chain mail of Bucekatz {Will+}
 82003 | Pan      | Entered the realm of Cerebov.
 82024 | Pan      | Received a gift from Okawaru
 82306 | Pan      | Found the +6 sword of Cerebov {flame}
 82306 | Pan      | Noticed Cerebov
 82853 | Pan      | Reached skill level 15 in Throwing
 83016 | Pan      | Received a gift from Okawaru
 83134 | Pan      | Killed Cerebov
 83141 | Pan      | Acquired 966 gold pieces
 83176 | Pan      | Identified the +7 scimitar "Stringbean" {heavy, rElec
                  | Dex+3}
 83180 | Pan      | Identified the ring "Yheixas" {rPois Str+6 Dex+3}
 83181 | Pan      | Identified the ring of Faydoma {Ice rElec rN+ Dex-4 SInv}
 83247 | Pan      | Identified the +2 falchion "Uwkeec" {drain, rPois SInv}
 83261 | Pan      | Identified the +0 spear "Duske" {protect, rElec}
 83313 | Pan      | Got Vufoimer's Papyrus of Hapless Vicissitude
 84048 | Pan      | Got a fiery rune of Zot
 84305 | Pan      | Found an exit through the horrors of the Abyss.
 84310 | Pan      | Reached skill level 1 in Stealth
 84325 | Pan      | Received a gift from Okawaru
 84959 | Pan      | Noticed Tuon the pandemonium lord
 84969 | Pan      | Killed Tuon the pandemonium lord
 84970 | Pan      | Reached skill level 5 in Stealth
 85168 | Pan      | Found a transporter.
 85302 | Pan      | Found a transporter.
 85734 | Pan      | Received a gift from Okawaru
 85827 | Pan      | HP: 5/273 [demonspawn corrupter/+0 great sword (11)]
 85832 | Pan      | HP: 10/273 [demonspawn blood saint (10)]
 86126 | Pan      | Identified the ring "Hahikun" {rF- rC+ rN+ Int+4}
 86138 | Pan      | Identified the ring of Emarchap {Fly Int-5 Dex+5 Stlth+}
 86266 | Pan      | Entered the realm of Mnoleg.
 86268 | Pan      | Gained mutation: You occasionally lose the ability to read
                  | scrolls when taking damage. [a cacodemon]
 86275 | Pan      | Lost mutation: You are clumsy. (Dex -2) [a cacodemon]
 86302 | Pan      | Noticed Mnoleg
 86315 | Pan      | Lost intelligence.
 86325 | Pan      | Gained mutation: You occasionally lose the ability to drink
                  | potions when taking damage. [Mnoleg's mutagenic touch]
 86329 | Pan      | Killed Mnoleg
 86498 | Pan      | Got a glowing rune of Zot
 86511 | Pan      | Received a gift from Okawaru
 86561 | Pan      | Gained mutation: Armour fits poorly on your strangely
                  | shaped body. [a neqoxec]
 86565 | Pan      | Lost mutation: Armour fits poorly on your strangely shaped
                  | body. [potion of mutation]
 86565 | Pan      | Lost mutation: You occasionally lose the ability to read
                  | scrolls when taking damage. [potion of mutation]
 86565 | Pan      | Gained mutation: You do not regenerate when monsters are
                  | visible. [potion of mutation]
 86565 | Pan      | Gained mutation: You are agile. (Dex +4, Str/Int -1)
                  | [potion of mutation]
 86575 | Pan      | Lost mutation: You occasionally lose the ability to drink
                  | potions when taking damage. [potion of mutation]
 86575 | Pan      | Lost mutation: Your magical capacity is low. (-10% MP)
                  | [potion of mutation]
 86575 | Pan      | Lost mutation: You are agile. (Dex +4, Str/Int -1) [potion
                  | of mutation]
 86576 | Pan      | Lost mutation: You do not regenerate when monsters are
                  | visible. [potion of mutation]
 86576 | Pan      | Lost mutation: You are dopey. (Int -2) [potion of mutation]
 86576 | Pan      | Gained mutation: You have hidden genetic defects. [potion
                  | of mutation]
 86576 | Pan      | Gained mutation: Your mind is acute. (Int +4, Str/Dex -1)
                  | [potion of mutation]
 86576 | Pan      | Gained mutation: You sometimes lose your temper in combat.
                  | [potion of mutation]
 86576 | Pan      | Gained mutation: You are partially covered in iridescent
                  | scales. (AC +2) [potion of mutation]
 86577 | Pan      | Lost mutation: You sometimes lose your temper in combat.
                  | [potion of mutation]
 86577 | Pan      | Lost mutation: Your body sometimes deteriorates upon taking
                  | damage. [potion of mutation]
 86577 | Pan      | Gained mutation: Your muscles are strong. (Str +4, Int/Dex
                  | -1) [potion of mutation]
 86577 | Pan      | Gained mutation: You are mostly covered in iridescent
                  | scales. (AC +4) [potion of mutation]
 86607 | Pan      | Gained mutation: You have sharp toenails. [a cacodemon]
 86727 | Pan      | Reached skill level 10 in Stealth
 86727 | Pan      | Gained mutation: You have terrible hidden genetic defects.
                  | [a cacodemon]
 86798 | Pan      | Found an exit through the horrors of the Abyss.
 87069 | Pan      | Gained mutation: You occasionally lose the ability to drink
                  | potions when taking damage. [a shining eye]
 87128 | Pan      | Gained mutation: Potions are less effective at restoring
                  | your health. [a cacodemon]
 87197 | Pan      | Received a gift from Okawaru
 87320 | Pan      | Lost mutation: Your mind is acute. (Int +4, Str/Dex -1) [a
                  | cacodemon]
 88061 | Pan      | Noticed Nupilu the pandemonium lord
 88075 | Pan      | Killed Nupilu the pandemonium lord
 88106 | Pan      | Gained mutation: Armour fits poorly on your strangely
                  | shaped body. [hidden defects]
 88287 | Pan      | Lost mutation: Potions are less effective at restoring your
                  | health. [potion of mutation]
 88287 | Pan      | Lost mutation: You have terrible hidden genetic defects.
                  | [potion of mutation]
 88287 | Pan      | Gained mutation: Your muscles are very strong. (Str +8,
                  | Int/Dex -2) [potion of mutation]
 88287 | Pan      | Lost mutation: You have hidden genetic defects. [potion of
                  | mutation]
 88288 | Pan      | Lost mutation: Your muscles are very strong. (Str +8,
                  | Int/Dex -2) [potion of mutation]
 88288 | Pan      | Lost mutation: You have sharp toenails. [potion of
                  | mutation]
 88288 | Pan      | Lost mutation: You occasionally lose the ability to drink
                  | potions when taking damage. [potion of mutation]
 88288 | Pan      | Lost mutation: Your muscles are strong. (Str +4, Int/Dex
                  | -1) [potion of mutation]
 88288 | Pan      | Gained mutation: Your system is resistant to poisons.
                  | (rPois) [potion of mutation]
 88288 | Pan      | Gained mutation: You are completely covered in iridescent
                  | scales. (AC +6) [potion of mutation]
 88288 | Pan      | Gained mutation: You are partially covered in large bone
                  | plates. (SH +4) [potion of mutation]
 88754 | Pan      | Entered the realm of Lom Lobon.
 88804 | Pan      | Received a gift from Okawaru
 89048 | Pan      | Identified the +2 ring mail "Reettis" {Will+ Str+3 SInv}
 89560 | Pan      | Noticed Lom Lobon
 89589 | Pan      | Killed Lom Lobon
 89660 | Pan      | Got a magical rune of Zot
 90112 | Pan      | Received a gift from Okawaru
 90123 | Pan      | Found an exit through the horrors of the Abyss.
 90171 | Pan      | Found a runed translucent door.
 90223 | Pan      | Noticed Byxkom the pandemonium lord
 90229 | Pan      | Killed Byxkom the pandemonium lord
 90244 | Pan      | Gained mutation: You passively map a small area around you.
                  | [a cacodemon]
 90424 | Depths:1 | Escaped Pandemonium
 90800 | Tomb:1   | Noticed a royal mummy
 90803 | Tomb:1   | Noticed a royal mummy
 90805 | Tomb:1   | Killed a royal mummy
 90808 | Tomb:1   | Killed a royal mummy
 90809 | Tomb:1   | Noticed a royal mummy
 90823 | Tomb:1   | Killed a royal mummy
 90828 | Tomb:1   | Killed a royal mummy
 90841 | Tomb:1   | Noticed a royal mummy
 90847 | Tomb:1   | Killed a royal mummy
 90860 | Tomb:1   | Noticed a royal mummy
 90862 | Tomb:1   | Noticed a royal mummy
 90868 | Tomb:1   | Killed a royal mummy
 90870 | Tomb:1   | Killed a royal mummy
 90872 | Tomb:1   | Noticed a royal mummy
 90889 | Tomb:1   | Killed a royal mummy
 90894 | Tomb:1   | Killed a royal mummy
 90894 | Tomb:1   | Received a gift from Okawaru
 90955 | Tomb:1   | Noticed a royal mummy
 90972 | Tomb:1   | Killed a royal mummy
 91352 | Tomb:1   | Noticed a royal mummy
 91357 | Tomb:1   | Killed a royal mummy
 91362 | Tomb:1   | Killed a royal mummy
 91367 | Tomb:1   | Killed a royal mummy
 91647 | Tomb:2   | Received a gift from Okawaru
 91836 | Tomb:3   | Entered Level 3 of the Tomb of the Ancients
 91855 | Tomb:3   | Noticed a royal mummy
 91860 | Tomb:3   | Noticed a royal mummy
 91869 | Tomb:3   | Noticed a royal mummy
 91870 | Tomb:3   | HP: 7/271 [mummy priest/divine providence (13)]
 91870 | Tomb:3   | Noticed a royal mummy
 91871 | Tomb:3   | Killed from afar by a royal mummy

Illustrated notes

Levels and vault maps discovered:
D:1:      onia_arrival_pyramid, layout_loops_ring,
          hellmonk_ecumenical_altar_watching_god, hangedman_feature_mirror,
          nicolae_concentric_dashed_squares_mild, minmay_misc_feat_tiny,
          minmay_misc_feat_iff, corexii_item_surrounded_by_moat
D:2:      layout_rooms, serial_shops, nicolae_shop_advertising_works
          [nicolae_subvault_shop_adworks], dreamdust_wishing_well
D:3:      layout_basic, nicolae_wu_jian_immortal_techniques, tso_oasis_becter,
          uniq_robin
D:4:      layout_loops_ring, hellmonk_okawaru_the_only_friend_you_need,
          minmay_mini_ossuary, uniq_eustachio, uniq_sigmund
D:5:      layout_basic, ebering_ghost_rock_garden, serial_glass,
          glass_columns_a, glass_columns_b, grunt_ministairs_7,
          minmay_door_square
D:6:      layout_loops_ring, trog_butcher_becter,
          mainiacjoe_overflow_catch_the_wave, minitemple,
          minmay_temple_entry_poolview
D:7:      layout_loops_ring
D:8:      layout_gridville
D:9:      layout_cave_pools, chequers_temple_overflow_minitemple,
          serial_gnoll_camp, gnoll_camp_mini_shop, gnoll_camp_mini_shop,
          gnoll_camp_mini_loothouse, gnoll_camp_mini_sergeant,
          gnoll_camp_mini_hut, chequers_serial_rivers_micro_d
D:10:     layout_roguey, mainiacjoe_overflow_boulevard, david_lair_generic,
          serial_shops, nicolae_shop_temple_entry_statues_fountains, uniq_grum
D:11:     layout_cross, uniq_erolcha, uniq_snorg
D:12:     layout_cave_pools, erik_orc_2, gauntlet_entry_generic,
          serial_column_ruins, column_ruins_courtyard_long, column_ruins_hut,
          column_ruins_open_tiny, column_ruins_grid_4, column_ruins_grid_1,
          column_ruins_grid_3, column_ruins_open_large,
          column_ruins_columns_straight, column_ruins_open_small, uniq_lodul
D:13:     layout_roguey, david_vaults_3, serial_corexii_hall,
          corexii_hall_statues_l, chequers_hall_statues_wall_a, uniq_jorgrun
D:14:     layout_gridville, nemelex_diamond_rough_becter,
          gammafunk_ghost_fury_of_okawaru, hangedman_abyss_or_decor_passed,
          lemuel_flame_loot_1, uniq_josephine, uniq_azrael, uniq_rupert
D:15:     hangedman_depths_entry_civil_slaughter, layout_loops_cross,
          nicolae_dithmenos_the_darkroom, minmay_misc_feat_cross,
          eat_drink_and_be_merry_uskayaw
Temple:   hellmonk_temple_two_chambers
Lair:1:   layout_long_grid, lemuel_fruit_fields, grunt_megastairs_2
Lair:2:   layout_gridlike, swamp_mist, lemuel_fruit_tree, serial_bayou_shore_a
Lair:3:   layout_concentric_octagons, dummy_snake_entry
Lair:4:   layout_loops_ring, dpeg_slime_entry_corner,
          portal_ice_cave_entry_ice_simulacra
Lair:5:   due_jungle_book, layout_regular_city, grunt_megastairs_3
Swamp:1:  cheibrodos_swamp_tower_of_moss, layout_falls_marsh,
          nicolae_swamp_feature_on_the_river_bank, infiniplex_staircase_pool,
          uniq_donald
Swamp:2:  layout_basic_swamp, evilmike_swamp_ruin_house_5, uniq_nikola
Swamp:3:  layout_basic_swamp, evilmike_swamp_ruin_wall, uniq_kirke
Swamp:4:  swamp_basic_johnstein, layout_basic_swamp,
          evilmike_swamp_ruin_rubble_1, swamp_pool3
Snake:1:  nicolae_snake_hallway, layout_cave_shapes,
          nicolae_snake_yet_another_twisty_hallway, st_stairs_12, library_closet
Snake:2:  layout_cave_town, uniq_aizul
Snake:3:  minmay_snake_river, layout_basic, nicolae_fountain_basement,
          nicolae_triple_integral, serial_bayou_shore_b, uniq_bai_suzhen,
          uniq_asterion
Snake:4:  snake_pit_salamanders_mu, layout_cave_town, serial_bayou_lagoon_b
Slime:1:  layout_caves
Slime:2:  layout_caves
Slime:3:  layout_caves, nicolae_slime_barrier
Slime:4:  cheibrodos_slime_lost_civilization_3, layout_caves
Slime:5
Orc:1:    layout_caves, rock_pile
Orc:2:    st_orc_mages, layout_diamond_mine, gammafunk_ghost_grave,
          nicolae_orc_lava_tube
Elf:1:    layout_geoelf_octagon, serial_shops, shop, basic_altar, minivault_28
Elf:2:    nicolae_elf_blades_crystal_corner, layout_rooms, serial_shops,
          nicolae_shop_trees, uniq_roxanne, uniq_zenata
Elf:3:    minmay_elf_hall_x, layout_rooms, nrook_mini_backslash, drop_trap,
          uniq_louise, uniq_mara
Vaults:1: hangedman_vaults_capsules, nicolae_vaults_variable_pillar_hall_cross,
          nicolae_vaults_network_quincunx
          [nicolae_vaults_network_quincunx_subvault,
          nicolae_vaults_network_quincunx_subvault,
          nicolae_vaults_network_quincunx_subvault,
          nicolae_vaults_network_quincunx_subvault,
          nicolae_vaults_network_quincunx_subvault],
          nicolae_vaults_hexular_roomagon, nicolae_vaults_triangles,
          v_alt_pattern_5, ontoclasm_vaults_ring_small,
          nicolae_vaults_corridor_and_loot_room,
          nicolae_vaults_trapezoid_lopsided_4, ontoclasm_vaults_decontamination,
          layout_vaults_omnicross, serial_shops,
          nicolae_shop_temple_entry_statues_fountains, nicolae_diamond_shop
Vaults:2: st_greater_box_5, nicolae_vaults_offset_grid_hallway_4,
          hangedman_vaults_variations, nicolae_vaults_spaceships,
          nicolae_vaults_tetromino_T_1, hangedman_vaults_slice, v_pattern_1,
          grunt_vaults_focal, vaults_room_boxed, v_alt_pattern_1,
          vaults_dpeg_hooks, hangedman_vaults_stretched_pinwheel,
          nicolae_vaults_diamond_2, vaults_dpeg_emergency_exit,
          layout_vaults_omnibox, serial_shops, nicolae_shop_bloodbath_and_beyond
Vaults:3: nicolae_vaults_fighting_squares, nicolae_vaults_trapezoid_layered,
          nicolae_vaults_little_squares_4, nicolae_vaults_storage_closets_1,
          nicolae_vaults_sesquioval_fish, nicolae_vaults_apartment_1,
          minmay_crypt_entry_nasty_monster, nicolae_vaults_network_barrier,
          v_misc_4, grunt_vaults_bifocal, nicolae_vaults_closet_pinwheel_3,
          vaults_dpeg_ring, hangedman_vaults_stagger,
          nicolae_vaults_trapezoid_layered, layout_vaults_maze
Vaults:4: nicolae_vaults_prndl, hangedman_vaults_corner,
          nicolae_vaults_shrinking_rooms_2, hangedman_vaults_restitches,
          hangedman_vaults_river_flow, nicolae_vaults_trapezoid_3,
          nicolae_vaults_storage_closets_3, nicolae_vaults_alarming,
          ontoclasm_vaults_idyll, nicolae_vaults_trapezoid_1,
          nicolae_vaults_tetromino_T_1, vaults_room_grid,
          layout_vaults_omnigrid, serial_shops, shop, shop, uniq_margery
Vaults:5: serial_shops
Crypt:1:  layout_misc_corridors, mu_enter_wizlab_1,
          serial_sigils_hangedman_quiver, weyrava_ghost_lake, uniq_frederick,
          uniq_saint_roka
Crypt:2:  layout_chaotic_city
Crypt:3:  church_of_pain_bobbens, layout_chaotic_city,
          nicolae_tomb_entry_grand_gallery, st_stairs_5,
          nicolae_crypt_little_mausoleum
Tomb:1
Tomb:2
Tomb:3
Depths:1: layout_forbidden_donut, minmay_stone_trees_medium, pan_entry,
          lightli_too_deep, dreamdust_wasp_nest, grunt_megastairs_4,
          uniq_enchantress
Depths:2: kennysheep_ambush_hall, layout_basic, enter_ziggurat_c,
          nicolae_abyss_entry_one_way_or_another, pf_hell_entry_tar_river,
          serial_bayou, serial_bayou_lagoon_a, serial_bayou_ford_a,
          serial_bayou_pond_a, serial_bayou_shore_b, serial_bayou_crossing,
          serial_bayou_pond_c, pan_entry, yredelemnul_altar_generic,
          amcnicky_mini_pool_medium, serial_bayou_shore_b
Depths:3: nicolae_hitomezashi [nicolae_hito_row, nicolae_hito_row,
          nicolae_hito_row, nicolae_hito_row, nicolae_hito_row,
          nicolae_hito_row, nicolae_hito_row, nicolae_hito_row,
          nicolae_hito_row, nicolae_hito_row, nicolae_hito_row,
          nicolae_hito_row, nicolae_hito_row, nicolae_hito_row,
          nicolae_hito_row, nicolae_hito_row, nicolae_hito_row,
          nicolae_hito_row], layout_twisted_cross, hangedman_abyss_entry_splay,
          ebering_dispersal_statue_hall, grunt_pan_entry_spiral, hell_entry,
          minmay_hollow_rounded_squares
Depths:4: grunt_crosshair, layout_honeycomb, minmay_room_of_horrors,
          dk_noncrumbling_3, hell_entry, uniq_josephina
Zot:1:    layout_gridville
Zot:2:    layout_gridlike, lemuel_golem_globe, grunt_megastairs_1
Zot:3:    grunt_deathspiral_small, layout_concentric_octagons
Zot:4:    layout_basic, nicolae_diode_quadrants
Zot:5:    layout_gridlike

Skill      XL: |  1  2  3  4  5  6  7  8  9 10 11 12 13 14 15 16 17 18 19 20 21 22 23 24 25 26 27 |
---------------+----------------------------------------------------------------------------------+-----
Axes           | 3 4 5 6 7 9 11 12 14 16 17 18 19 22 27 | 27.0
Fighting       | 5 8 11 14 15 16 17 18 19 21 24 26 27 | 27.0
Invocations    | 2 4 6 8 10 13 15 17 19 21 23 | 23.9
Armour         | 7 10 12 14 16 17 19 20 22 27 | 27.0
Shields        | 7 10 12 14 16 17 19 20 23 27 | 27.0
Dodging        | 9 13 14 16 19 20 23 26 27 | 27.0
Throwing       | 3 7 20 | 20.1
Stealth        | 14 | 14.3

Action                     |  1- 3 |  4- 6 |  7- 9 | 10-12 | 13-15 | 16-18 | 19-21 | 22-24 | 25-27 || total
---------------------------+-------+-------+-------+-------+-------+-------+-------+-------+-------++-------
  Melee: War axe           |    70 |   113 |   127 |       |       |       |       |       |       ||   310
         Headbutt          |     3 |    20 |    33 |    65 |   167 |   238 |   235 |   404 |   895 ||  2060
         Broad axe         |       |       |    47 |   286 |   633 |   690 |   841 |  1179 |  2953 ||  6629
         Hand axe          |       |       |       |       |       |   233 |       |       |       ||   233
  Throw: Stone             |       |       |       |       |    13 |       |       |       |       ||    13
         Javelin           |       |       |       |       |       |       |       |       |   145 ||   145
 Invoke: Heroism           |       |     4 |     6 |    14 |    39 |    41 |    32 |    49 |    89 ||   274
         Finesse           |       |       |       |     4 |    10 |    13 |    12 |     9 |    30 ||    78
  Evoke: Wand              |       |       |       |       |     6 |       |       |       |     3 ||     9
         Lightning rod     |       |       |       |       |       |     3 |       |       |     3 ||     6
         Condenser vane    |       |       |       |       |       |       |       |       |     1 ||     1
    Use: Scroll            |       |       |    25 |     7 |     5 |     6 |     3 |     3 |    44 ||    93
         Potion            |       |       |       |     3 |     4 |    11 |    15 |     6 |    60 ||    99
   Stab: Distracted        |       |     1 |       |     1 |    11 |    12 |    23 |    24 |    75 ||   147
         Paralysed         |       |       |     1 |       |       |       |       |       |       ||     1
         Sleeping          |       |       |       |       |       |       |       |       |     5 ||     5
 Armour: Scale mail        |    30 |    38 |    22 |       |       |       |       |       |       ||    90
         Plate armour      |       |       |    13 |    86 |   310 |   410 |   215 |   228 |   385 ||  1647
         Gold dragon scale |       |       |       |       |       |       |       |       |   378 ||   378
  Dodge: Dodged            |    40 |    65 |    74 |   118 |   215 |   364 |   308 |   364 |   766 ||  2314
  Block: Buckler           |    12 |    28 |    35 |    40 |       |       |       |       |       ||   115
         Kite shield       |       |       |       |    12 |   302 |   484 |   379 |   491 |   947 ||  2615
         Tower shield      |       |       |       |       |       |       |       |       |   773 ||   773
         Reflection        |       |       |       |       |       |       |       |       |     7 ||     7
